 Dungeon Crawl Stone Soup version 0.17-a0-1805-g6093636 (webtiles) character file.

737363 4thArraOfDagon the Trollish Aeon (level 27, -8/327 HPs)
             Began as a Troll Chaos Knight on Sept 12, 2015.
             Was the Champion of Cheibriados.
             Mangled by Antaeus (51 damage)
             ... on level 7 of Cocytus.
             The game lasted 04:00:10 (28687 turns).

4thArraOfDagon the Trollish Aeon (TrCK)            Turns: 28687, Time: 04:00:10

Health: -8/327     AC: 29    Str: 46 (47) XL:     27
Magic:  17/37      EV: 25    Int: 37      God:    Cheibriados [******]
Gold:   2058       SH: 21    Dex: 20 (21) Spells: 10 memorised, 9 levels left

rFire  + . .     SeeInvis .       - Unarmed
rCold  . . .     Clarity  +     (armour currently unavailable)
rNeg   + . .     SustAt   .     U - +4 shield {rF+}
rPois  ∞         Gourm    +     j - +2 hat
rElec  +         Spirit   .     A - +2 cloak {MR+}
rCorr  .         Warding  .     (gloves unavailable)
rMut   .         Rnd*Tele +     (boots unavailable)
MR     ++++.                    H - amulet of clarity
Stlth  ++........               V - ring of Xom's Absentmindedness {Wiz *Drain Str+4 Int+5}
                                q - ring of teleportation

@: statue-form, regenerating (expiring), very slow, incredibly resistant to
hostile enchantments, unstealthy
A: unfitting armour, claws 3, talons 1, rough black scales 1, berserk 1, blurry
vision 1, deterioration 1, fast metabolism 3, gourmand, magic resistance 1,
regeneration 2, (shaggy fur 0), spit poison 1, (tough skin 0), weak 1,
MP-powered wands
a: Spit Poison, End Transformation, Bend Time, Temporal Distortion, Slouch, Step
From Time, Renounce Religion, Evoke Teleportation
}: 8/15 runes: barnacled, slimy, silver, golden, iron, obsidian, bone, gossamer


You were on level 7 of Cocytus.
You worshipped Cheibriados.
Cheibriados was exalted by your worship.
You were full.
You were a stone statue.
You visited 17 branches of the dungeon, and saw 89 of its levels.
You also visited: Ice Cave and Volcano.

You collected 3414 gold pieces.
You spent 1346 gold pieces at shops.

Inventory:

Missiles
 x - 4 throwing nets (quivered)
 P - 65 large rocks
Armour
 e - the +7 ice dragon armour "Aclisah" {rF- rC++ Regen+ rCorr Stlth+}
   (You took it off a balrug on level 7 of Gehenna)

   It makes you vulnerable to fire.
   It greatly protects you from cold.
   It increases your rate of regeneration.
   It protects you from acid and corrosion.
   It makes you more stealthy.
 j - a +2 hat (worn)
 A - a +2 cloak of magic resistance (worn)
 I - a +2 robe of resistance (melded)
 U - a +4 shield of fire resistance (worn)
Magical staves
 g - an uncursed staff of earth
 i - an uncursed staff of energy {!a}
Jewellery
 a - an uncursed amulet of resist mutation
 k - the ring "Cush" {Ice Stlth+}
   (You found it on level 7 of the Iron City of Dis)

   [ring of ice]

   It enhances your ice magic, and weakens your fire magic.
   It makes you vulnerable to fire.
   It protects you from cold.
   It makes you more stealthy.
 n - the ring "Umeynn" {+Fly rF+ rC- rN+ Dex+3}
   (You found it on level 3 of the Crypt)

   [ring of positive energy]

   It affects your dexterity (+3).
   It protects you from fire.
   It makes you vulnerable to cold.
   It protects you from negative energy.
   It lets you fly.
 o - an uncursed amulet of resist corrosion
 q - a ring of teleportation (left claw)
 u - the ring of Niawuoh {rPois rN+}
   (You found it on level 3 of the Crypt)

   [ring of positive energy]

   It protects you from poison.
   It protects you from negative energy.
 v - the ring "Wogo" {Str+4 Int+3 Stlth+}
   (You took it off a merfolk javelineer on level 4 of the Shoals)

   [ring of stealth]

   It affects your strength (+4).
   It affects your intelligence (+3).
   It makes you more stealthy.
 E - an uncursed ring of protection from fire
 G - an uncursed ring of positive energy
 H - an amulet of clarity (around neck)
 V - the ring of Xom's Absentmindedness (right claw) {Wiz *Drain Str+4 Int+5}
   (You found it on level 6 of the Pits of Slime)

   [ring of wizardry]

   It improves your spell success rate.
   It affects your strength (+4).
   It affects your intelligence (+5).
   It causes draining when unequipped.
Magical devices
 m - a wand of disintegration (9)
 t - a wand of heal wounds (5)
 y - a wand of teleportation (2)
 B - a wand of disintegration (5)
Scrolls
 l - 2 scrolls of holy word
 r - a scroll of fog
 z - 10 scrolls of remove curse
 D - 4 scrolls of blinking
 K - 4 scrolls of recharging
 S - 8 scrolls of teleportation
 Y - a scroll of magic mapping
 Z - a scroll of identify
Potions
 d - 2 potions of lignification
 f - 3 potions of magic
 p - 4 potions of curing
 C - 6 potions of ambrosia
 J - 3 potions of cancellation
 L - a potion of invisibility
 O - 3 potions of agility
 Q - 5 potions of brilliance
 R - 2 potions of resistance
 W - 2 potions of might
 X - a potion of beneficial mutation
Miscellaneous
 s - a phantom mirror
 w - a phial of floods
 N - an ornate deck of wonders {the Alchemist, drawn: 2}
 T - a fan of gales
Comestibles
 b - 18 bread rations
 c - 16 meat rations


   Skills:
 - Level 11.0 Fighting
 - Level 17.3 Dodging
 - Level 15.4 Shields
 - Level 20.0 Unarmed Combat
 - Level 6.3 Spellcasting
 - Level 3.0 Charms
 - Level 3.5 Necromancy
 - Level 7.3 Translocations
 - Level 9.4 Transmutations
 - Level 10.9 Earth Magic
 - Level 22.2 Invocations
 * Level 8.4 Evocations


You had 9 spell levels left.
You knew the following spells:

 Your Spells              Type           Power        Failure   Level  Hunger
a - Regeneration          Chrm/Necr      #####.....   1%          3    None
b - Animate Skeleton      Necr           N/A          1%          1    None
c - Repel Missiles        Chrm/Air       ###...       1%          2    None
d - Blink                 Tloc           N/A          1%          2    None
e - Conjure Flame         Conj/Fire      ##......     4%          3    None
f - Statue Form           Trmt/Erth      ######...    4%          6    ######.
g - Stoneskin             Trmt/Erth      ######..     1%          2    None
h - Cure Poison           Pois           ##........   2%          2    None
i - Passwall              Trmt/Erth      ######....   1%          3    None
j - Phase Shift           Tloc           ######....   2%          5    ####...


Dungeon Overview and Level Annotations

Branches:
Dungeon (15/15)            Temple (1/1) D:6            Lair (8/8) D:8
 Shoals (4/4) Lair:6       Spider (4/4) Lair:5        Slime (6/6) Lair:7
    Orc (4/4) D:11            Elf (3/3) Orc:4        Vaults (5/5) D:14
  Crypt (3/3) Vaults:2       Tomb (3/3) Crypt:3      Depths (4/5) D:15
   Hell (1/1)                 Dis (7/7) Hell            Geh (7/7) Hell
    Coc (7/7) Hell            Tar (7/7) Hell

Altars:
Ashenzari
Cheibriados
Fedhas
Gozag
Kikubaaqudgha
Makhleb
Nemelex Xobeh
Trog
Vehumet
Yredelemnul
Zin
The Shining One
Beogh
Jiyva

Shops:
D:7 :   D:8 =   D:13 [   Orc:3 [   Orc:4 (*[*   Elf:1 (   Elf:2 [   Vaults:4 [
Vaults:5 %

Portals:
Hell: Depths:1 Depths:2 Depths:3

Annotations:
D:4 cireshan's ghost, average DECj
D:7 Blork the orc
D:8 4thArraOfDagon's ghost, experienced TrCK
D:14 VAUTLd
Elf:1 exclusion: Roxanne, Roxanne
Elf:2 5 runed doors, Wiglaf
Coc:5 19 runed doors
Coc:7 Antaeus
Tar:3 exclusion: 2 oklob plants


Innate Abilities, Weirdness & Mutations

You are too large for most types of armour.
You have claws for hands.
Your metabolism is lightning-fast.
You like to eat raw meat.
You heal very quickly.
((You are covered in fur (AC +1).))
((You have very tough skin (AC +2).))
You have sharp toenails.
(You are partially covered in rough black scales (AC +4, Dex -1).)
You tend to lose your temper in combat.
Scrolls take you a little longer to read.
Your body sometimes deteriorates upon taking damage.
You are resistant to hostile enchantments.
You can spit weak poison.
You are weak. (Str -2)
You expend magic power (3 MP) to strengthen your wands.


Message History

You are encased in ice.
You block the ice dragon's attack. x2
The ice dragon misses you. x2
The ice dragon closely misses you. The ice dragon tramples you.
* * * LOW HITPOINT WARNING * * *
You stumble backwards!
Found 55 gold pieces.
Unknown command.
Unknown command.
The ice encasing you melts away. You block the ice dragon's attack.
The ice dragon completely misses you. The ice dragon completely misses you.
Antaeus hits you but does no damage. You block Antaeus's attack.
The ice dragon bites you but does no damage.
You block the ice dragon's attack. The ice dragon completely misses you.
Antaeus hits you!!!
* * * LOW HITPOINT WARNING * * *
Antaeus freezes you!!!
You die...
Xom howls with laughter!

.....# ..⌠...#
.. ......)# ...
≈.....2. ..#
≈≈≈≈*.ww .# ###
#≈≈*≈Z*M #
##$$###
##*Z*1Dw #
#$$$'.# #≈w≈**.
## #8## #≈≈≈≈≈≈
.# ≈≈#####CD#
#≈≈≈≈≈≈ .#
≈.'5E.EDφ#
'.≈≈≈≈≈ .#
≈.'...'..#
'.≈≈≈≈≈ .#
≈#####..#
#≈≈≈≈≈≈ .#
#):=#'## ##
≈≈≈#D="+.#### #
≈≈≈##["###≈≈##
##
≈≈EZ#####≈≈≈≈##


You could see Antaeus, 2 ice dragons and a water elemental.

Vanquished Creatures
  Asmodeus (Geh:7)
  the royal jelly (Slime:6)
  Ereshkigal (Tar:7)
  the Serpent of Hell (Geh:7)
  Dispater (Dis:7)
  Mara (Vaults:4)
  4 ancient liches
  7 greater mummies
  Frederick (Vaults:2)
  Saint Roka (Vaults:4)
  2 shard shrikes
  Geryon (Hell)
  Xtahua (Vaults:5)
  5 bone dragons
  A golden dragon (Vaults:5)
  14 Brimstone Fiends
  The ghost of Zebura the Warrior, a mighty CeFi of Okawaru (Depths:3)
  5 Hell Sentinels
  A tentacled monstrosity (Hell)
  Rupert (Lair:5)
  4 Ice Fiends
  Asterion (Elf:2)
  A deep elf blademaster (Elf:3)
  10 liches
  8 Shadow Fiends
  2 deep elf master archers (Elf:3)
  3 titans
  14 acid blobs
  A quicksilver dragon (Vaults:5)
  A quicksilver dragon (shapeshifter) (Vaults:5)
  A kraken (Shoals:4)
  An eldritch tentacle (Coc:7)
  8 sphinxes
  Kirke (Lair:7)
  5 tengu reavers
  4 ancient champions
  4 shadow dragons
  7 fire giants
  5 revenants
  7 azure jellies
  Ilsuiw (Shoals:4)
  7 deep elf sorcerers
  12 vault wardens
  Donald (Orc:3)
  2 ghost moths (Spider:4)
  7 iron dragons
  8 frost giants
  6 emperor scorpions
  4 cacodemons
  Louise (Elf:1)
  6 balrugs
  8 very ugly things
  A ghoul (Crypt:3)
  12 ironheart preservers
  14 stone giants
  A vampire knight (Crypt:3)
  25 reapers
  4 war gargoyles
  10 deep elf demonologists
  10 salamander firebrands
  2 large abominations (Vaults:4)
  2 salamander stormcallers
  2 bennus
  12 deep elf annihilators
  16 death oozes
  3 merfolk javelineers (Shoals:4)
  4 ettins
  13 mummy priests
  7 deep elf death magi
  9 merfolk impalers
  3 crystal guardians (Crypt:3)
  A green death (Dis:7)
  4 blizzard demons
  5 quicksilver dragon zombies
  6 jiangshi (Crypt:2)
  36 vault guards
  Josephine (Lair:7)
  6 great orbs of eyes
  4 deep elf high priests
  A rakshasa (Vaults:1)
  A kraken zombie (Coc:1)
  7 yaktaur captains
  Fannar (Lair:2)
  6 fire dragons
  8 ice dragons
  4 quicksilver dragon skeletons
  8 hydras
  2 entropy weavers (Spider:4)
  Erolcha (D:8)
  A merfolk avatar (Shoals:4)
  A ghost crab (Tar:7)
  7 ogre magi
  Erica (D:10)
  4 merfolk aquamancers
  3 alligator snapping turtles (Shoals:4)
  7 dancing weapons
  8 centaur warriors
  5 tengu warriors
  3 death yaks (Lair:8)
  2 satyrs
  A deep troll shaman (Vaults:3)
  An orc high priest (Elf:3)
  35 hell knights
  4 hell hogs
  4 titan zombies
  2 iron golems
  A spriggan berserker (Depths:2)
  7 small abominations
  7 sun demons
  3 fire crabs
  2 soul eaters
  A salamander mystic (Geh:4)
  4 shadow wraiths
  2 storm dragon zombies
  2 titan skeletons
  4 anaconda zombies
  3 golden dragon zombies
  7 sea snakes
  54 death scarabs
  4 storm dragon skeletons
  A ghost moth zombie (Tomb:1)
  8 ironbrand convokers
  47 skeletal warriors
  A wizard (D:15)
  10 deep elf knights
  7 iron trolls
  13 ice devils
  9 flayed ghosts
  2 unseen horrors
  4 giant orange brains
  2 golden dragon skeletons
  4 anaconda skeletons
  7 phantasmal warriors
  A hill giant (D:14)
  3 ice statues
  5 deep elf summoners
  9 deep trolls
  Pikel (D:8)
  8 harpies
  14 deep elf conjurers
  3 shadow demons
  4 shadow dragon zombies
  A griffon (shapeshifter) (Elf:1)
  10 orc knights
  3 wolf spider zombies
  13 necromancers
  25 wolf spiders
  6 frost giant zombies
  4 cyclopes
  6 orb spiders
  4 fire giant zombies
  26 ugly things
  6 fauns (Shoals:3)
  A salamander (shapeshifter) (Vaults:2)
  3 shadow dragon skeletons
  7 iron dragon zombies
  5 hornets
  2 orc sorcerers
  2 water nymphs (Shoals:4)
  13 manticores
  8 salamanders
  3 stone giant zombies
  A faun (shapeshifter) (Elf:1)
  A hornet (shapeshifter) (Vaults:4)
  A water nymph (shapeshifter) (Vaults:1)
  An iron dragon skeleton (Dis:3)
  3 sirens (Shoals:4)
  5 frost giant skeletons
  10 griffons
  3 shining eyes
  7 stone giant skeletons
  6 black mambas
  A moth of wrath (Spider:4)
  19 rust devils
  A shock serpent zombie (Geh:4)
  2 storm dragon simulacra
  4 elephants (Lair:7)
  4 sixfirhies (Hell)
  3 centaur zombies
  12 spiny frogs
  2 orange demons
  Joseph (Lair:1)
  10 vault sentinels
  3 dire elephant zombies
  An eye of devastation (Slime:1)
  A titan simulacrum (Coc:2)
  14 molten gargoyles
  Psyche (D:8)
  A naga mage (D:15)
  A torpor snail (shapeshifter) (Vaults:4)
  An emperor scorpion zombie (Tar:5)
  A smoke demon (Geh:4)
  3 dire elephant skeletons (Geh:7)
  2 gargoyles
  A yaktaur (shapeshifter) (Depths:3)
  5 centaur skeletons
  3 shock serpent skeletons
  A ghost moth simulacrum (Tomb:3)
  7 komodo dragons
  3 golden dragon simulacra (IceCv)
  22 hellions
  An efreet (Geh:3)
  A yaktaur skeleton (Vaults:3)
  A komodo dragon (shapeshifter) (D:14)
  5 red devils
  18 tormentors
  32 guardian mummies
  5 trolls
  5 anaconda simulacra
  3 harpy zombies
  29 yaktaurs
  A minotaur zombie (Tar:7)
  15 demonic crawlers
  A tengu conjurer (D:14)
  2 iron troll skeletons (Dis:3)
  7 hydra zombies
  10 fire drakes
  13 jumping spiders
  18 merfolk
  16 deep elf priests
  A silent spectre (Tar:7)
  7 blue devils
  A jumping spider zombie (Crypt:2)
  A shadow dragon simulacrum (Hell)
  2 wolf spider simulacra
  58 slime creatures
  8 polar bears (Lair:8)
  A polar bear (shapeshifter) (Vaults:2)
  A hornet zombie (D:15)
  A harpy skeleton (Geh:4)
  18 freezing wraiths
  A two-headed ogre (shapeshifter) (Vaults:4)
  6 boulder beetles
  An iron dragon simulacrum (Hell)
  3 wind drakes
  5 hydra skeletons
  3 alligator zombies
  A fire dragon zombie (Crypt:3)
  9 two-headed ogres
  27 blink frogs
  21 ushabtiu
  An ettin zombie (Dis:3)
  5 snapping turtles
  10 shadows
  A black mamba zombie (Geh:4)
  2 raiju (Lair:8)
  33 redbacks
  3 ettin skeletons
  23 wraiths
  Sigmund (D:3)
  A fire dragon skeleton (Tar:6)
  81 flying skulls
  14 fire elementals
  A spriggan (shapeshifter) (Elf:2)
  17 trapdoor spiders
  12 tarantellas
  13 water elementals
  4 hungry ghosts
  6 ice dragon skeletons
  30 deep elf magi
  6 humans (D:8)
  An alligator skeleton (Tar:2)
  26 yaks
  33 deep elf fighters
  13 hippogriffs
  2 hogs (Lair:7)
  A hog (shapeshifter) (Vaults:5)
  Grum (D:9)
  3 fire bats (Geh:4)
  2 dire elephant simulacra (IceCv)
  3 basilisks
  8 vampires
  A black mamba skeleton (Hell)
  8 golden eyes
  A spatial vortex (Geh:1)
  5 wyverns
  3 vampire mosquitoes
  23 wolves
  12 wargs
  4 harpy simulacra
  6 water moccasins
  34 hell hounds
  4 iron troll simulacra (IceCv)
  A deep troll skeleton (Vaults:3)
  9 porcupines
  43 orc warriors
  5 hydra simulacra
  3 sky beasts
  4 spiny frog skeletons
  6 ice beasts
  A snapping turtle zombie (Coc:2)
  A swamp drake (Orc:1)
  3 slaves
  2 swamp dragon zombies
  14 black bears
  5 wasps (Spider:4)
  17 centaurs
  3 ettin simulacra
  17 necrophages
  41 ogres
  3 phantoms
  An eye of draining (Slime:5)
  17 spiders
  4 boggarts (Depths:2)
  2 manticore skeletons
  A snapping turtle skeleton (Geh:4)
  3 brain worms (Lair:8)
  15 crocodiles
  18 giant frogs
  A fire crab zombie (Crypt:2)
  A human skeleton (Vaults:3)
  2 big kobolds
  A komodo dragon skeleton (Crypt:1)
  4 scorpions
  2 spriggan zombies
  9 killer bees
  16 wights
  2 troll skeletons
  A spriggan skeleton (Coc:5)
  9 electric eels
  18 hounds
  2 crimson imps
  3 giant frog zombies
  5 lava snakes (Lair:4)
  A human zombie (Geh:3)
  19 orc priests
  27 jellies
  5 draconian simulacra (IceCv)
  6 iguanas
  Jessica (D:3)
  6 worker ants
  10 iron imps
  30 orc wizards
  2 centaur simulacra (IceCv)
  A killer bee zombie (D:10)
  2 spriggan simulacra (IceCv)
  23 sheep
  4 troll simulacra (IceCv)
  A wolf simulacrum (IceCv)
  16 mummies
  A hound skeleton (D:4)
  4 gnolls (D:10)
  3 naga simulacra (IceCv)
  70 river rats
  10 adders
  8 shadow imps
  14 white imps
  5 ufetubi (IceCv)
  6 oozes (Depths:1)
  2 worms
  A giant gecko (D:5)
  135 orcs
  A bat (D:3)
  14 jackals
  A ball python (D:3)
  3 giant newts
  A goblin (D:3)
  A jackal zombie (D:7)
  14 kobolds
  An orc zombie (Dis:7)
  A quokka skeleton (D:7)
  2 rats (D:3)
  A rat skeleton (Crypt:2)
  2 crawling corpses (Vaults:4)
  2 fire vortices
  5 plants
  A spectral weapon (Elf:2)
  7 tentacles
  3 tentacle segments (Coc:1)
2728 creatures vanquished.

Vanquished Creatures (collateral kills)
  A warg (Lair:8)
1 creature vanquished.

Vanquished Creatures (others)
  2 eldritch tentacles
  A very ugly thing (Vaults:5)
  12 death scarabs
  A necromancer (Vaults:4)
  A shadow dragon skeleton (Tar:6)
  2 yaktaurs (Vaults:4)
  A freezing wraith (Vaults:4)
  A fire dragon zombie (Geh:7)
  An ushabti (Tomb:3)
  4 flying skulls (Tomb:2)
  A wraith (Geh:7)
  A shadow (Geh:1)
  2 humans (Lair:7)
  A deep elf fighter (Vaults:5)
  A spiny frog zombie (Coc:1)
  3 orc warriors (Vaults:5)
  A slave (D:8)
  A spiny frog skeleton (Hell)
  An ettin simulacrum (Tomb:2)
  A jelly (D:8)
  An iron imp (Dis:6)
  A centaur skeleton (Geh:7)
  A worker ant (D:8)
  3 mummies
  A shadow imp (Tar:7)
  5 orcs
  2 bushes
  172 eldritch tentacle segments
  11 fungi
  4 lost souls (Crypt:3)
  29 plants
  25 tentacles
  333 tentacle segments
627 creatures vanquished.

Grand Total: 3356 creatures vanquished

Notes
Turn   | Place    | Note
--------------------------------------------------------------
     0 | D:1      | 4thArraOfDagon the Troll Chaos Knight began the quest for the Orb.
     0 | D:1      | Reached XP level 1. HP: 22/22 MP: 0/0
    92 | D:5      | Entered Level 5 of the Dungeon
   111 | D:5      | Noticed a giant frog zombie
   113 | D:5      | XOM: silly message
   123 | D:5      | Killed a giant frog zombie
   123 | D:5      | Reached XP level 2. HP: 10/29 MP: 1/1
   123 | D:5      | Reached XP level 3. HP: 12/36 MP: 2/2
   129 | D:5      | Noticed an ogre
   154 | D:4      | Noticed a worker ant
   191 | D:5      | XOM: harmless Fire miscast
   192 | D:6      | Noticed a scorpion
   200 | D:6      | Killed a scorpion
   200 | D:6      | Reached skill level 4 in Unarmed Combat
   200 | D:6      | Reached XP level 4. HP: 43/45 MP: 3/3
   202 | D:6      | Found a burning altar of Makhleb.
   204 | D:6      | Found a glowing silver altar of Zin.
   296 | D:6      | Found a bloodstained altar of Trog.
   329 | D:8      | Noticed Pikel
   329 | D:8      | Noticed a slave
   329 | D:8      | Noticed a slave
   329 | D:8      | Noticed a slave
   329 | D:8      | Noticed a slave
   334 | D:7      | XOM: harmless Trmt miscast
   340 | D:6      | XOM: divination: detect items
   343 | D:6      | XOM: harmless Summ miscast
   346 | D:6      | Killed a slave
   384 | D:7      | Killed a slave
   397 | D:7      | Noticed a sky beast
   465 | D:7      | Killed a sky beast
   465 | D:7      | Reached XP level 5. HP: 42/53 MP: 4/4
   520 | D:6      | Reached skill level 5 in Unarmed Combat
   561 | D:6      | Noticed a giant frog
   564 | D:6      | Noticed a giant frog
   565 | D:6      | Noticed a necrophage
   570 | D:6      | XOM: divination: detect items
   571 | D:6      | XOM: divination: detect creatures
   574 | D:6      | XOM: cast spell 'Cause Fear'
   577 | D:6      | Killed a giant frog
   577 | D:6      | Reached XP level 6. HP: 41/61 MP: 5/5
   580 | D:6      | Killed a giant frog
   586 | D:6      | Killed a necrophage
   595 | D:6      | Found a staircase to the Ecumenical Temple.
   611 | Temple   | Entered the Ecumenical Temple
   620 | Temple   | Fell from the grace of Xom
   620 | Temple   | Became a worshipper of Cheibriados the Contemplative
   640 | D:5      | Noticed a worker ant
   642 | D:5      | Killed a worker ant
   642 | D:5      | Reached skill level 6 in Unarmed Combat
   706 | D:4      | Killed a worker ant
   706 | D:4      | Reached XP level 7. HP: 34/68 MP: 6/6
   709 | D:4      | Noticed cireshan's ghost (average DECj)
   754 | D:3      | Noticed Jessica
   767 | D:3      | Noticed Sigmund
   771 | D:3      | Killed Jessica
   773 | D:3      | Noticed Terence
   774 | D:3      | Was placed under penance by Cheibriados
   777 | D:3      | Killed Sigmund
   777 | D:3      | Reached skill level 1 in Invocations
   778 | D:3      | Noticed Terence
   778 | D:3      | Terence changed into Terence the adder
   778 | D:3      | XOM: polymorph Terence -> Terence the adder
   780 | D:3      | Killed Terence the adder
   780 | D:3      | Was forgiven by Cheibriados
   854 | D:3      | XOM: 7-stop teleportation journey
  1011 | D:3      | Noticed a worker ant
  1020 | D:3      | Killed a worker ant
  1021 | D:3      | XOM: medium Conj miscast
  1120 | D:5      | Killed an ogre
  1158 | D:5      | Noticed a worker ant
  1165 | D:5      | Killed a worker ant
  1194 | D:4      | Noticed an iguana
  1199 | D:4      | Noticed an ogre
  1204 | D:4      | Killed an iguana
  1207 | D:4      | Killed an ogre
  1207 | D:4      | Reached skill level 7 in Unarmed Combat
  1207 | D:4      | Reached XP level 8. HP: 67/79 MP: 8/8
  1208 | D:4      | Acquired Cheibriados's first power
  1257 | D:4      | Noticed an ogre
  1261 | D:4      | Killed an ogre
  1289 | D:4      | XOM: give mutation
  1289 | D:4      | Gained mutation: Your body sometimes deteriorates upon taking damage. [Xom's mischief]
  1338 | D:5      | XOM: summons 5 hostile shadow creatures
  1471 | D:7      | Found Oppoad's Book Shop.
  1624 | D:8      | Found Aturor's Jewellery Emporium.
  1625 | D:8      | Noticed 4thArraOfDagon's ghost (experienced TrCK)
  1650 | D:7      | Noticed Blork the orc
  1706 | D:8      | Got an ebony spear
  1727 | D:8      | Noticed Erolcha
  1743 | D:8      | Killed a slave
  1768 | D:8      | XOM: 4-stop teleportation journey
  1826 | D:8      | Killed Pikel
  1826 | D:8      | Reached skill level 8 in Unarmed Combat
  1853 | D:9      | Reached skill level 5 in Fighting
  1978 | D:9      | Reached skill level 5 in Dodging
  1978 | D:9      | Reached XP level 9. HP: 72/88 MP: 10/10
  2022 | D:10     | Entered Level 10 of the Dungeon
  2039 | D:10     | Noticed a gargoyle
  2148 | D:10     | XOM: 4-stop teleportation journey
  2153 | D:10     | Reached skill level 9 in Unarmed Combat
  2193 | D:10     | Noticed Erica
  2210 | D:10     | Killed Erica
  2210 | D:10     | Acquired Cheibriados's second power
  2391 | D:8      | Noticed a giant frog
  2391 | D:8      | Noticed a crocodile
  2398 | D:8      | Killed a giant frog
  2398 | D:8      | Reached XP level 10. HP: 90/98 MP: 12/12
  2405 | D:8      | Killed a crocodile
  2432 | D:8      | Killed Erolcha
  2432 | D:8      | Reached skill level 10 in Unarmed Combat
  2432 | D:8      | Reached skill level 5 in Invocations
  2464 | D:9      | XOM: harmless Trmt miscast
  2467 | D:9      | Acquired Cheibriados's third power
  2527 | D:10     | XOM: harmless Tloc miscast
  2588 | D:10     | XOM: harmless Divn miscast
  2707 | D:11     | Noticed a white ugly thing
  2755 | D:10     | Killed a gargoyle
  2836 | D:11     | Found a blossoming altar of Fedhas.
  2877 | D:11     | Noticed a five-headed hydra
  3038 | D:12     | XOM: divination: magic mapping
  3056 | D:12     | Reached skill level 11 in Unarmed Combat
  3132 | D:13     | Found Uronu's Antique Armour Emporium.
  3141 | D:13     | Bought an embroidered robe for 22 gold pieces
  3151 | D:13     | Bought an embroidered robe for 22 gold pieces
  3172 | D:13     | Killed an unseen horror
  3221 | D:13     | Reached XP level 11. HP: 107/107 MP: 14/14
  3237 | D:13     | Learned a level 3 spell: Regeneration
  3239 | D:13     | Learned a level 1 spell: Animate Skeleton
  3288 | D:13     | XOM: divination: detect creatures
  3614 | D:15     | XOM: noise
  3614 | D:15     | Entered Level 15 of the Dungeon
  3648 | D:14     | Reached skill level 1 in Charms
  3648 | D:14     | Reached skill level 1 in Necromancy
  3682 | D:14     | Gained mutation: You are partially covered in slimy green scales (AC +2). [mutagenic meat]
  3683 | D:14     | Gained mutation: You can spit weak poison. [mutagenic meat]
  3684 | D:14     | Gained mutation: You are agile. (Dex +2) [mutagenic meat]
  3685 | D:14     | Lost mutation: Your body sometimes deteriorates upon taking damage. [mutagenic meat]
  3686 | D:14     | Gained mutation: You are partially covered in rough black scales (AC +4, Dex -1). [mutagenic meat]
  3688 | D:14     | Gained mutation: You are frail (-10% HP). [mutagenic meat]
  3705 | D:14     | Got a warped hand axe
  3733 | D:14     | Noticed a tengu warrior
  3744 | D:14     | Killed a tengu warrior
  3809 | D:14     | Lost mutation: You are agile. (Dex +2) [mutagenic meat]
  3810 | D:14     | Gained mutation: You are agile. (Dex +2) [mutagenic meat]
  3832 | D:14     | XOM: noise
  3976 | D:13     | Reached skill level 1 in Spellcasting
  4032 | D:12     | Killed an unseen horror
  4078 | D:12     | Got an ichor-stained hand axe
  4176 | D:11     | Noticed a four-headed hydra
  4255 | D:11     | Killed a one-headed hydra
  4308 | D:11     | XOM: mild Summ miscast
  4356 | D:11     | Found a staircase to the Orcish Mines.
  4365 | Orc:1    | Entered Level 1 of the Orcish Mines
  4394 | Orc:1    | Reached skill level 12 in Unarmed Combat
  4409 | Orc:1    | Acquired Cheibriados's fourth power
  4518 | Orc:1    | Got a crude hat
  4521 | Orc:1    | Identified the cursed +0 hat of Limited Liability {*Confuse MP+9 Int+7 Dex-5} (You found it on level 1 of the Orcish Mines)
  4722 | Orc:2    | XOM: mild Pois miscast
  4878 | Orc:2    | Found a roughly hewn altar of Beogh.
  4915 | Orc:2    | Reached XP level 12. HP: 98/106 MP: 16/16
  4950 | Orc:2    | You fall through a shaft for 2 floors!
  4950 | Orc:4    | Entered Level 4 of the Orcish Mines
  4981 | Orc:4    | Learned a level 2 spell: Repel Missiles
  4984 | Orc:4    | Learned a level 2 spell: Blink
  4988 | Orc:4    | Learned a level 3 spell: Conjure Flame
  4994 | Orc:4    | Found a staircase to the Elven Halls.
  5278 | Orc:4    | Noticed a centaur warrior
  5279 | Orc:4    | Killed a centaur warrior
  5286 | Orc:4    | Noticed a centaur warrior
  5297 | Orc:4    | Killed a centaur warrior
  5414 | Orc:4    | XOM: summons 2 hostile demons
  5435 | Orc:4    | Found Werys's Assorted Antiques.
  5435 | Orc:4    | Found Yrref's Antique Armour Shoppe.
  5437 | Orc:4    | Found Xina's Assorted Antiques.
  5439 | Orc:4    | Found Vuaphesy's Weapon Boutique.
  5443 | Orc:4    | Bought a scroll labeled GOPOUT MUDU for 31 gold pieces
  5445 | Orc:4    | Bought a runed cloak for 139 gold pieces
  5446 | Orc:4    | Bought a viscous white potion for 28 gold pieces
  5448 | Orc:4    | :(
  5551 | Orc:4    | Noticed a centaur warrior
  5565 | Orc:4    | Killed a centaur warrior
  5742 | Orc:3    | Noticed Donald
  5756 | Orc:3    | Found Iwiovaf's Armour Shop.
  5817 | Orc:3    | Killed Donald
  5968 | D:11     | XOM: medium Necr miscast
  6058 | D:8      | XOM: mild Trmt miscast
  6079 | D:8      | Noticed a human
  6080 | D:8      | Noticed a human
  6084 | D:8      | Noticed a human
  6084 | D:8      | Killed a human
  6086 | D:8      | Noticed a human
  6092 | D:8      | Killed a human
  6092 | D:8      | Reached skill level 13 in Unarmed Combat
  6096 | D:8      | Killed a human
  6109 | D:8      | Killed a human
  6112 | D:8      | Noticed Psyche
  6116 | D:8      | Noticed a human
  6123 | D:8      | Killed Psyche
  6131 | D:8      | Killed a human
  6134 | D:8      | Noticed a human
  6143 | D:8      | Killed a human
  6143 | D:8      | Reached skill level 1 in Shields
  6167 | D:8      | XOM: medium Conj miscast
  6275 | D:8      | Killed a freed slave
  6306 | D:7      | Bought a book of Transfigurations for 715 gold pieces
  6313 | D:7      | Learned a level 6 spell: Statue Form
  6548 | Orc:4    | XOM: god gift: chain mail {god gift}
  6568 | Orc:4    | Bought a scroll of teleportation for 96 gold pieces
  6568 | Orc:4    | Bought a potion of curing for 96 gold pieces
  6571 | Orc:4    | Bought a runed robe for 21 gold pieces
  6571 | Orc:4    | Bought a runed blue amulet for 155 gold pieces
  6571 | Orc:4    | Bought a glowing robe for 21 gold pieces
  6647 | Elf:1    | Entered Level 1 of the Elven Halls
  6754 | Elf:1    | Reached XP level 13. HP: 96/114 MP: 17/17
  6795 | Elf:1    | Found an ancient bone altar of Kikubaaqudgha.
  6798 | Elf:1    | Noticed Louise
  6814 | Elf:1    | Killed Louise
  6814 | Elf:1    | Reached skill level 1 in Earth Magic
  6845 | Elf:1    | Reached skill level 1 in Transmutations
  6899 | Elf:1    | Gained mutation: You are partially covered in thin metallic scales (AC +2). [mutagenic meat]
  6995 | Elf:1    | Found Nuseuden's Antique Weapon Shoppe.
  7202 | Elf:2    | Noticed Asterion
  7216 | Elf:2    | Killed Asterion
  7241 | Elf:2    | Noticed Wiglaf
  7365 | Elf:2    | Found a huge runed gate.
  7365 | Elf:2    | Found a huge runed gate.
  7365 | Elf:2    | Found a huge runed gate.
  7365 | Elf:2    | Found a huge runed gate.
  7365 | Elf:2    | Found a huge runed gate.
  7583 | Elf:2    | Found Hogetzeu's Armour Emporium.
  7655 | Elf:3    | Entered Level 3 of the Elven Halls
  7665 | Elf:3    | Learned a level 2 spell: Stoneskin
  7842 | Elf:3    | XOM: 2-stop teleportation journey
  8051 | Elf:3    | Reached skill level 5 in Shields
  8091 | Elf:3    | Noticed a deep elf demonologist
  8105 | Elf:3    | Killed a deep elf demonologist
  8107 | Elf:3    | Noticed a deep elf annihilator
  8114 | Elf:3    | Killed a deep elf annihilator
  8114 | Elf:3    | Reached skill level 5 in Earth Magic
  8123 | Elf:3    | Noticed a deep elf annihilator
  8127 | Elf:3    | Noticed a deep elf sorcerer
  8134 | Elf:3    | Killed a deep elf sorcerer
  8134 | Elf:3    | Reached XP level 14. HP: 41/122 MP: 17/19
  8138 | Elf:3    | Noticed a deep elf blademaster
  8317 | Elf:3    | Noticed a deep elf annihilator
  8333 | Elf:3    | Killed a deep elf annihilator
  8413 | Elf:3    | Noticed a deep elf demonologist
  8427 | Elf:3    | Killed a deep elf demonologist
  8440 | Elf:3    | Noticed a deep elf demonologist
  8475 | Elf:3    | Killed a deep elf blademaster
  8509 | Elf:3    | Reached skill level 5 in Transmutations
  8522 | Elf:3    | XOM: give mutation
  8522 | Elf:3    | Lost mutation: You are partially covered in thin metallic scales (AC +2). [Xom's mischief]
  8572 | Elf:3    | Noticed a deep elf sorcerer
  8572 | Elf:3    | Noticed a deep elf annihilator
  8579 | Elf:3    | Killed a deep elf sorcerer
  8600 | Elf:3    | Noticed a deep elf sorcerer
  8611 | Elf:3    | Killed a deep elf sorcerer
  8622 | Elf:3    | Killed a deep elf annihilator
  8639 | Elf:3    | Noticed a deep elf annihilator
  8652 | Elf:3    | Noticed a deep elf annihilator
  8653 | Elf:3    | Killed a deep elf annihilator
  8712 | Elf:3    | Noticed a deep elf sorcerer
  8720 | Elf:3    | Gained mutation: Scrolls take you a little longer to read. [a neqoxec]
  8724 | Elf:3    | Killed a deep elf sorcerer
  8726 | Elf:3    | XOM: noise
  8729 | Elf:3    | Killed a deep elf annihilator
  8745 | Elf:3    | Killed a deep elf annihilator
  8748 | Elf:3    | Noticed a deep elf demonologist
  8751 | Elf:3    | Noticed a deep elf demonologist
  8756 | Elf:3    | Killed a deep elf demonologist
  8757 | Elf:3    | Noticed a Hell Sentinel
  8759 | Elf:3    | Noticed a Shadow Fiend
  8800 | Elf:3    | Noticed a deep elf sorcerer
  8814 | Elf:3    | Killed a deep elf sorcerer
  8847 | Elf:3    | Noticed a cacodemon
  8848 | Elf:3    | Lost mutation: You are agile. (Dex +2) [a cacodemon]
  8849 | Elf:3    | Killed a deep elf demonologist
  8887 | Elf:3    | Noticed a deep elf master archer
  8900 | Elf:3    | Killed a deep elf master archer
  8969 | Elf:3    | XOM: mild Erth miscast
  9046 | Elf:3    | Noticed a deep elf master archer
  9094 | Elf:3    | Noticed a deep elf annihilator
  9102 | Elf:3    | Killed a deep elf annihilator
  9152 | Elf:3    | Noticed a deep elf annihilator
  9159 | Elf:3    | Noticed a deep elf annihilator
  9164 | Elf:3    | Killed a deep elf annihilator
  9168 | Elf:3    | Noticed a deep elf demonologist
  9180 | Elf:3    | Killed a deep elf demonologist
  9202 | Elf:3    | Killed a deep elf annihilator
  9216 | Elf:3    | Noticed a deep elf annihilator
  9224 | Elf:3    | Killed a deep elf annihilator
  9255 | Elf:3    | Noticed a deep elf blademaster
  9284 | Elf:3    | Reached skill level 5 in Spellcasting
  9284 | Elf:3    | Reached XP level 15. HP: 109/128 MP: 21/21
  9353 | Elf:3    | Noticed a deep elf demonologist
  9369 | Elf:3    | Killed a deep elf demonologist
  9386 | Elf:3    | Noticed a Shadow Fiend
  9389 | Elf:3    | Killed a deep elf demonologist
  9421 | Elf:3    | Noticed a deep elf annihilator
  9499 | Elf:3    | XOM: mild Necr miscast
  9499 | Elf:3    | Was forgiven by Xom
  9512 | Elf:3    | Noticed a deep elf demonologist
  9517 | Elf:3    | Killed a deep elf demonologist
  9557 | Elf:3    | Killed a deep elf annihilator
  9632 | Elf:3    | Noticed a Shadow Fiend
  9891 | Elf:1    | Noticed Roxanne
 10406 | Elf:3    | Killed a deep elf master archer
 10528 | Elf:3    | Got a brightly glowing robe
 10554 | Elf:3    | Identified the +1 robe "Inotryaj" {+Blink SInv} (You took it off a deep elf annihilator on level 3 of the Elven Halls)
 10768 | Elf:3    | Identified the Almanac of Weightlessness
 10792 | Elf:3    | Noticed a deep elf annihilator
 10830 | Elf:3    | Identified Theurgy, Part Six
 11150 | D:9      | Noticed Grum
 11163 | D:9      | Killed Grum
 11231 | D:8      | Noticed an ice beast
 11234 | D:8      | Killed an ice beast
 11386 | D:8      | Found a staircase to the Lair.
 11394 | Lair:1   | Entered Level 1 of the Lair of Beasts
 11521 | Lair:1   | Noticed Joseph
 11535 | Lair:1   | Killed Joseph
 11576 | Lair:2   | Noticed Fannar
 11594 | Lair:2   | Killed Fannar
 12096 | Lair:5   | Found a hole to the Spider Nest.
 12397 | Lair:7   | Noticed Josephine
 12409 | Lair:7   | Killed Josephine
 12588 | Lair:7   | Found a dark tunnel.
 12596 | Volcano  | Entered a volcano
 12622 | Volcano  | Found a burning altar of Makhleb.
 12650 | Volcano  | Reached XP level 16. HP: 115/136 MP: 23/23
 12745 | Lair:8   | Entered Level 8 of the Lair of Beasts
 12807 | Lair:8   | Reached skill level 10 in Earth Magic
 13231 | Lair:8   | Reached skill level 10 in Shields
 13432 | Lair:7   | Noticed Kirke
 13438 | Lair:7   | Killed Kirke
 13560 | Lair:5   | Noticed Rupert
 13564 | Lair:5   | Killed Rupert
 13645 | Spider:1 | Entered Level 1 of the Spider Nest
 14023 | Spider:4 | Entered Level 4 of the Spider Nest
 14252 | Spider:4 | Reached XP level 17. HP: 144/144 MP: 23/25
 14572 | Spider:4 | Got a gossamer rune of Zot
 15077 | Lair:4   | Found a glowing golden altar of the Shining One.
 15314 | Lair:6   | Reached skill level 14 in Unarmed Combat
 15385 | Lair:6   | Found a staircase to the Shoals.
 15391 | Shoals:1 | Entered Level 1 of the Shoals
 15508 | Shoals:3 | Found a frozen archway.
 15537 | IceCv    | Entered an ice cave
 16002 | Shoals:4 | Entered Level 4 of the Shoals
 16018 | Shoals:4 | Noticed Ilsuiw
 16338 | Shoals:4 | Reached XP level 18. HP: 154/154 MP: 22/26
 16383 | Shoals:4 | Killed Ilsuiw
 16413 | Shoals:4 | Learned a level 2 spell: Cure Poison
 16472 | Shoals:4 | Got a slimy ivory ring
 16490 | Shoals:4 | Identified the ring "Wogo" {Str+4 Int+3 Stlth+} (You took it off a merfolk javelineer on level 4 of the Shoals)
 16771 | Shoals:4 | Got a barnacled rune of Zot
 16843 | Shoals:3 | Reached skill level 15 in Unarmed Combat
 16960 | Shoals:1 | Learned a level 3 spell: Passwall
 17301 | Lair:8   | Found a runed door.
 17545 | Lair:6   | :(
 17666 | Lair:7   | Found a staircase to the Slime Pits.
 17674 | Lair:7   | ROTFL
 17678 | Slime:1  | Entered Level 1 of the Pits of Slime
 17768 | Slime:2  | Reached skill level 10 in Invocations
 17995 | Slime:6  | Entered Level 6 of the Pits of Slime
 18032 | Slime:6  | Reached skill level 10 in Fighting
 18045 | Slime:6  | Lost mutation: You are frail (-10% HP). [a shining eye]
 18046 | Slime:6  | Gained mutation: Your body sometimes deteriorates upon taking damage. [a shining eye]
 18056 | Slime:6  | Paralysed by a great orb of eyes for 3 turns
 18064 | Slime:6  | Noticed the royal jelly
 18167 | Slime:6  | Found a viscous altar of Jiyva.
 18298 | Slime:6  | Killed the royal jelly
 18298 | Slime:6  | Reached skill level 10 in Dodging
 18298 | Slime:6  | Reached XP level 19. HP: 97/182 MP: 27/27
 18314 | Slime:6  | Got a slimy rune of Zot
 18329 | Slime:6  | Got a vibrating turquoise ring
 18335 | Slime:6  | Identified the ring of Xom's Absentmindedness {Wiz *Drain Str+4 Int+5} (You found it on level 6 of the Pits of Slime)
 18440 | Slime:6  | Lost mutation: You are partially covered in slimy green scales (AC +2). [helix card]
 18440 | Slime:6  | Gained mutation: You are weak. (Str -2) [helix card]
 18542 | Slime:6  | Learned a level 5 spell: Phase Shift
 18563 | Slime:6  | Identified a +4 rod of destruction (14/14) (You found it on level 6 of the Pits of Slime)
 19123 | D:14     | Found a gate to the Vaults.
 19123 | D:14     | Noticed a hill giant
 19123 | D:14     | Noticed a vault guard
 19123 | D:14     | Noticed a vault guard
 19123 | D:14     | Noticed a vault guard
 19126 | D:14     | Killed a vault guard
 19127 | D:14     | Noticed a vault guard
 19132 | D:14     | Killed a vault guard
 19133 | D:14     | Killed a vault guard
 19135 | D:14     | Killed a hill giant
 19139 | D:14     | Killed a vault guard
 19154 | D:14     | Gained mutation: Scrolls take you longer to read. [mutagenic meat]
 19155 | D:14     | Gained mutation: You expend magic power (3 MP) to strengthen your wands. [mutagenic meat]
 19160 | D:14     | Gained mutation: You are resistant to hostile enchantments. [mutagenic meat]
 19161 | D:14     | Gained mutation: You have sharp toenails. [mutagenic meat]
 19171 | Vaults:1 | Entered Level 1 of the Vaults
 19233 | Vaults:1 | Reached skill level 16 in Unarmed Combat
 19383 | Vaults:2 | Noticed Frederick
 19392 | Vaults:2 | Killed Frederick
 19535 | Vaults:3 | Reached skill level 1 in Evocations
 20019 | Vaults:4 | Reached XP level 20. HP: 193/193 MP: 28/28
 20051 | Vaults:5 | Entered Level 5 of the Vaults
 20236 | Vaults:4 | Found Wannedd's Antique Armour Shop.
 20264 | Vaults:4 | Reached skill level 17 in Unarmed Combat
 20468 | Vaults:5 | Noticed Saint Roka
 20473 | Vaults:4 | Killed Saint Roka
 20589 | Vaults:5 | Noticed a golden dragon
 20589 | Vaults:5 | an acid blob changed into a golden dragon
 20593 | Vaults:5 | a golden dragon changed into a quicksilver dragon
 20739 | Vaults:4 | Reached XP level 21. HP: 168/202 MP: 24/29
 20824 | Vaults:5 | Noticed Mara
 20842 | Vaults:4 | Noticed 4thArraOfDagon's illusion
 20842 | Vaults:4 | Killed Mara
 20842 | Vaults:4 | Reached skill level 15 in Shields
 20842 | Vaults:4 | Reached skill level 18 in Unarmed Combat
 20936 | Vaults:5 | Noticed Xtahua
 20944 | Vaults:5 | Killed Xtahua
 20949 | Vaults:5 | Found Jotauhod's Food Shop.
 20956 | Vaults:5 | Identified the Grimoire of Hurtful Weightlessness (You found it on level 5 of the Vaults)
 20968 | Vaults:5 | :)
 21014 | Vaults:5 | Noticed a golden dragon
 21018 | Vaults:5 | Killed a golden dragon
 21296 | Vaults:5 | Noticed an ancient lich
 21301 | Vaults:5 | Killed an ancient lich
 21338 | Vaults:5 | Identified the Volume of Damaging Air (You found it on level 5 of the Vaults)
 21386 | Vaults:5 | Got a fabulously ornate robe
 21389 | Vaults:5 | Identified the +1 robe of Vuloylebbi {rElec rPois rC+ Slay-3} (You found it on level 5 of the Vaults)
 21505 | Vaults:5 | Got a silver rune of Zot
 21611 | Vaults:3 | Identified a scroll of acquirement
 21620 | Vaults:3 | Got an ancient shield
 21631 | Vaults:3 | Identified the +7 shield of Hysteria {-Tele MR+ Int+7} (You acquired it on level 3 of the Vaults)
 21778 | Vaults:2 | Found a staircase to the Crypt.
 21778 | Vaults:2 | Found a basalt altar of Yredelemnul.
 21778 | Vaults:2 | Found an ancient bone altar of Kikubaaqudgha.
 21800 | Crypt:1  | Entered Level 1 of the Crypt
 21931 | Crypt:3  | Entered Level 3 of the Crypt
 22070 | Crypt:3  | Reached XP level 22. HP: 211/211 MP: 26/30
 22127 | Crypt:3  | Found an ancient bone altar of Kikubaaqudgha.
 22127 | Crypt:3  | Noticed an ancient lich
 22131 | Crypt:3  | Killed an ancient lich
 22131 | Crypt:3  | Reached skill level 5 in Evocations
 22160 | Crypt:3  | Reached skill level 19 in Unarmed Combat
 22171 | Crypt:3  | Got a brightly glowing marble ring
 22172 | Crypt:3  | ol
 22172 | Crypt:3  | Identified the ring of Niawuoh {rPois rN+} (You found it on level 3 of the Crypt)
 22175 | Crypt:3  | Got a sparkling turquoise ring
 22177 | Crypt:3  | Identified the ring of Ziutuirgh {rElec rPois rN+ Int-5 Stlth+} (You found it on level 3 of the Crypt)
 22180 | Crypt:3  | Got a warped iron ring
 22181 | Crypt:3  | Identified the ring "Umeynn" {+Fly rF+ rC- rN+ Dex+3} (You found it on level 3 of the Crypt)
 22244 | Crypt:3  | ol
 22265 | Crypt:3  | Found a staircase to the Tomb.
 22271 | Tomb:1   | Entered Level 1 of the Tomb of the Ancients
 22344 | Tomb:1   | Noticed a greater mummy
 22387 | Tomb:1   | Noticed a greater mummy
 22434 | Tomb:1   | Noticed a greater mummy
 22437 | Tomb:1   | Noticed a greater mummy
 22437 | Tomb:1   | Noticed a greater mummy
 22437 | Tomb:1   | Noticed a greater mummy
 22437 | Tomb:1   | Noticed a greater mummy
 22437 | Tomb:1   | Noticed a greater mummy
 22437 | Tomb:1   | Noticed a greater mummy
 22437 | Tomb:1   | Noticed a greater mummy
 22437 | Tomb:1   | Noticed a greater mummy
 22437 | Tomb:1   | Noticed a greater mummy
 22438 | Tomb:1   | Noticed a greater mummy
 22439 | Tomb:1   | Noticed a greater mummy
 22486 | Tomb:1   | Noticed a greater mummy
 22486 | Tomb:1   | Noticed a greater mummy
 22486 | Tomb:1   | Noticed a greater mummy
 22486 | Tomb:1   | Noticed a greater mummy
 22486 | Tomb:1   | Noticed a greater mummy
 22486 | Tomb:1   | Noticed a greater mummy
 22486 | Tomb:1   | Noticed a greater mummy
 22696 | Tomb:3   | Entered Level 3 of the Tomb of the Ancients
 22845 | Tomb:3   | Noticed an ancient lich
 22896 | Tomb:2   | Killed an ancient lich
 22907 | Tomb:3   | Noticed a greater mummy
 22908 | Tomb:3   | Noticed a greater mummy
 22909 | Tomb:3   | Noticed a greater mummy
 22912 | Tomb:3   | Noticed a greater mummy
 22953 | Tomb:3   | Noticed a greater mummy
 23071 | Tomb:2   | Killed a greater mummy
 23140 | Tomb:2   | Killed a greater mummy
 23154 | Tomb:3   | Noticed an ancient lich
 23161 | Tomb:2   | Killed a greater mummy
 23161 | Tomb:2   | Reached XP level 23. HP: 77/219 MP: 30/32
 23208 | Tomb:3   | Noticed a greater mummy
 23214 | Tomb:2   | Killed a greater mummy
 23238 | Tomb:2   | Killed an ancient lich
 23238 | Tomb:2   | Reached skill level 20 in Unarmed Combat
 23274 | Tomb:2   | Killed a greater mummy
 23274 | Tomb:2   | Reached skill level 1 in Translocations
 23286 | Tomb:2   | Killed a greater mummy
 23337 | Tomb:3   | Noticed a greater mummy
 23342 | Tomb:3   | Killed a greater mummy
 23391 | Tomb:3   | Identified the Tome of the Nocuous Compass
 23472 | Tomb:3   | Got a golden rune of Zot
 24031 | D:15     | Noticed a skeletal warrior
 24034 | D:15     | Noticed a skeletal warrior
 24037 | D:15     | Noticed a skeletal warrior
 24039 | D:15     | Killed a skeletal warrior
 24040 | D:15     | Noticed a skeletal warrior
 24041 | D:15     | Killed a skeletal warrior
 24041 | D:15     | Reached skill level 5 in Translocations
 24043 | D:15     | Noticed a centaur warrior
 24046 | D:15     | Killed a skeletal warrior
 24048 | D:15     | Killed a skeletal warrior
 24050 | D:15     | Killed a centaur warrior
 24091 | D:15     | Noticed an ogre mage
 24095 | D:15     | Killed an ogre mage
 24131 | D:15     | Noticed a wizard
 24137 | D:15     | Killed a wizard
 24178 | D:15     | Found a staircase to the Depths.
 24178 | D:15     | Noticed a necromancer
 24180 | D:15     | Killed a necromancer
 24196 | Depths:1 | Entered Level 1 of the Depths
 24272 | Depths:1 | You fall through a shaft!
 24293 | Depths:1 | Found a gateway to Hell.
 24432 | Depths:2 | Reached XP level 24. HP: 227/227 MP: 32/32
 24644 | Depths:3 | Noticed Zebura's ghost (mighty CeFi)
 24654 | Depths:3 | Killed Zebura's ghost
 24714 | Hell     | Entered the Vestibule of Hell
 24714 | Hell     | Noticed Geryon
 24724 | Depths:3 | Reached skill level 15 in Invocations
 24827 | Hell     | Killed Geryon
 24996 | Hell     | Found a gateway to the decaying netherworld of Tartarus.
 25027 | Tar:1    | Entered Level 1 of Tartarus
 25302 | Tar:4    | Reached skill level 15 in Dodging
 25643 | Tar:7    | Entered Level 7 of Tartarus
 25905 | Tar:7    | Noticed Ereshkigal
 25910 | Tar:7    | Reached XP level 25. HP: 215/235 MP: 28/34
 25950 | Tar:7    | HP: 15/305 [Ice Fiend[Ereshkigal] (51)]
 25953 | Tar:7    | HP: 1/305 [Ice Fiend/bolt of cold[Ereshkigal] (42)]
 25961 | Tar:7    | HP: 13/305 [??? (2)]
 26033 | Tar:7    | Gained mutation: You tend to lose your temper in combat. [mutagenic glow]
 26074 | Tar:7    | Killed Ereshkigal
 26095 | Tar:7    | Got a bone rune of Zot
 26171 | Hell     | Found a gateway to the ashen valley of Gehenna.
 26222 | Geh:1    | Entered Level 1 of Gehenna
 26970 | Geh:7    | Entered Level 7 of Gehenna
 27029 | Geh:7    | Noticed the Serpent of Hell
 27035 | Geh:7    | Killed the Serpent of Hell
 27198 | Geh:7    | Got a heavily runed ice dragon armour
 27235 | Geh:7    | Reached XP level 26. HP: 204/244 MP: 35/35
 27252 | Geh:7    | Identified Sif Muna's Collected Works on Battle Magic and Augmentations (You found it on level 7 of Gehenna)
 27257 | Geh:7    | Identified Wineh's Collected Works on Cankerous Transmutation (You found it on level 7 of Gehenna)
 27279 | Geh:7    | Noticed Asmodeus
 27287 | Geh:7    | Killed Asmodeus
 27302 | Geh:7    | Got an obsidian rune of Zot
 27361 | Hell     | Identified the +7 ice dragon armour "Aclisah" {rF- rC++ Regen+ rCorr Stlth+} (You took it off a balrug on level 7 of Gehenna)
 27387 | Hell     | Found a gateway to the Iron City of Dis.
 27402 | Dis:1    | Entered Level 1 of the Iron City of Dis
 27872 | Dis:7    | Entered Level 7 of the Iron City of Dis
 28006 | Dis:7    | Lost mutation: Scrolls take you longer to read. [a cacodemon]
 28063 | Dis:7    | Noticed Dispater
 28078 | Dis:7    | Killed Dispater
 28078 | Dis:7    | Reached skill level 21 in Invocations
 28121 | Dis:7    | Got an iron rune of Zot
 28123 | Dis:7    | Got a vibrating marble ring
 28131 | Dis:7    | Identified the ring "Cush" {Ice Stlth+} (You found it on level 7 of the Iron City of Dis)
 28253 | Hell     | Found a gateway to the freezing wastes of Cocytus.
 28262 | Coc:1    | Entered Level 1 of Cocytus
 28420 | Coc:4    | You fall through a shaft!
 28420 | Coc:5    | Found a huge runed gate.
 28420 | Coc:5    | Found a huge runed gate.
 28420 | Coc:5    | Found a huge runed gate.
 28420 | Coc:5    | Found a huge runed gate.
 28420 | Coc:5    | Found a huge runed gate.
 28420 | Coc:5    | Found a huge runed gate.
 28420 | Coc:5    | Found a huge runed gate.
 28420 | Coc:5    | Found a huge runed gate.
 28420 | Coc:5    | Found a huge runed gate.
 28425 | Coc:5    | Found a huge runed gate.
 28448 | Coc:5    | Found a huge runed gate.
 28448 | Coc:5    | Found a huge runed gate.
 28448 | Coc:5    | Found a huge runed gate.
 28448 | Coc:5    | Found a huge runed gate.
 28448 | Coc:5    | Found a huge runed gate.
 28448 | Coc:5    | Found a huge runed gate.
 28448 | Coc:5    | Found a huge runed gate.
 28448 | Coc:5    | Found a huge runed gate.
 28480 | Coc:5    | Found a huge runed gate.
 28525 | Coc:7    | Entered Level 7 of Cocytus
 28551 | Coc:7    | Reached skill level 22 in Invocations
 28562 | Coc:7    | Reached XP level 27. HP: 252/252 MP: 21/37
 28679 | Coc:7    | Noticed Antaeus
 28687 | Coc:7    | Mangled by Antaeus

Vault maps used:
D:1:      nicolae_arrival_washed_ashore, kennysheep_boxes
D:2:      serial_bayou, serial_bayou_pond_a, serial_bayou_lagoon_b,
          serial_bayou_pond_e, serial_bayou_shore_b, supply_closet_lemuel,
          st_stairs_11
D:3:      uniq_jessica, uniq_sigmund, uniq_terence
D:4:      kennysheep_generic_room_14, uniq_eustachio
D:5:      first_bread
D:6:      kennysheep_mini, nicolae_overflow_hidden_temple,
          minmay_temple_entry_purple_smoke
D:7:      tgw_sif, serial_shops, kennysheep_mini_moat
D:8:      erik_1, serial_shops, nicolae_shop_crystal, uniq_erolcha, uniq_pikel
D:9:      uniq_grum
D:10:     uniq_erica
D:11:     erik_orc_2, hangedman_tree_tricks
D:12:     pond, uniq_harold, uniq_snorg, uniq_maurice
D:13:     serial_shops, nicolae_shop_crystal
D:14:     lightli_vaults_fourway_checkpoint, yredelemnul_altar_generic
D:15:     grunt_enter_depths_magical_seal, minivault_24
Temple:   water_room_temple_a_12
Lair:1:   minivault_11, lemuel_fruit_fields, uniq_joseph
Lair:2:   fungi_pond_lemuel, st_stairs_6, grunt_megastairs_2, uniq_fannar
Lair:3:   minivault_24
Lair:4:   cheibrodos_magma_flow, lemuel_centaur_altar, serial_bayou_shore_a
Lair:5:   nicolae_spider_entry_tight_spaces, disabler_island,
          grunt_megastairs_3, lemuel_fruit_fields, lemuel_fruit_tree,
          uniq_rupert
Lair:6:   elwin_shoals_entry_rooms, st_stairs_10
Lair:7:   slime_dummy, nicolae_volcano_entry_s_turn, uniq_kirke, uniq_josephine
Lair:8:   hangedman_lair_caniforms_friends, wormcave, special_room
Shoals:1: nicolae_shoals_flooded_hall
Shoals:2: serial_shops, nicolae_shop_waterfront, shop, nicolae_shop_statue_plus,
          shop, nicolae_shoals_siren_and_animal_friends, uniq_polyphemus
Shoals:3: portal_ice_cave_entry_pillars_01
Shoals:4: shoals_end_hangedman, shoal_ilsuiw
Spider:1: uniq_azrael
Spider:4: guppyfry_spider_rune
Slime:2:  cheibrodos_slime_lost_civilization_6
Slime:3:  nicolae_slime_ancient_tower_intersection
Slime:5:  nicolae_slime_phagocytosis
Orc:1:    hangedman_minor_magic
Orc:2:    basic_altar
Orc:3:    serial_shops, shop, basic_altar, nicolae_orc_pool_cavern, uniq_donald
Orc:4:    st_orc_rangers
Elf:1:    eino_elf_arrival_the_gate, basic_altar, serial_shops, shop,
          orc_legates, uniq_louise, uniq_roxanne
Elf:2:    serial_shops, shop, uniq_jorgrun, uniq_asterion, uniq_wiglaf
Elf:3:    minmay_elf_hall_quartered_circle
Vaults:1: v_misc_1, vaults_standard_mumra_x, nicolae_vaults_border_crossing,
          nicolae_vaults_ninety_degrees, dpeg_vaults_monster_box,
          nicolae_vaults_asterisk, v_misc_15
Vaults:2: hangedman_vaults_pinch, minmay_crypt_entry_necro_gods, v_pattern_5,
          kb_rosetta, nicolae_vaults_triangles, vaults_room_fours,
          ontoclasm_vaults_twist, ontoclasm_vaults_loading_screen,
          hangedman_vaults_hat, ontoclasm_vaults_pinch,
          hangedman_vaults_stretched_pinwheel, nicolae_vaults_what_the_h,
          nicolae_vaults_little_squares_1, hangedman_vaults_corner_blocks,
          uniq_frederick
Vaults:3: v_misc_9, v_rooms_2, st_lattice, v_rooms_6, vaults_mumra_hex,
          nicolae_vaults_disjoint_gnomons, hangedman_vaults_snaps,
          nicolae_vaults_little_squares_4, v_misc_22, v_misc_19,
          vaults_room_semicircle, ontoclasm_vaults_ring_small,
          nicolae_vaults_little_squares_6
Vaults:4: nicolae_vaults_halls_meeting, nicolae_vaults_hallways_thing,
          v_misc_24, vaults_mumra_chevron, grunt_vaults_bifocal,
          vaults_mumra_minichess, nicolae_vaults_little_squares_3,
          nicolae_vaults_little_squares_6, vaults_standard_mumra_lines,
          serial_shops, shop
Vaults:5: uniq_saint_roka, uniq_mara, uniq_xtahua
Crypt:3:  cryptofortress_bobbens
Depths:1: enter_ziggurat_b, hangedman_abyss_or_decor_slice, hell_entry,
          minmay_acid_items, roderic_lattice_octagonal_star, uniq_aizul
Depths:2: minmay_quarter_circles, hangedman_abyss_entry_splay, hell_entry,
          kennysheep_pointless_box, grunt_pan_entry_sceptre
Depths:3: nooodl_glass_maze, nemelex_xobeh_ov_fountains_minmay,
          grunt_pan_entry_in_and_out, grunt_hell_entry_dis_grunt, abyss_entry,
          kennysheep_minor_cross, roderic_lattice_a,
          infiniplex_staircase_zigzag_1
Depths:4: box_level_dp, abyss_entry, pan_entry, hell_entry
Dis:3:    hangedman_dis_monolith
Dis:5:    hangedman_dis_chains
Dis:6:    evilmike_ambush
Dis:7:    dis_st
Geh:1:    lemuel_flamethrower_2
Geh:3:    grunt_megastairs_4
Geh:4:    lemuel_elevator
Geh:7:    geh_old
Coc:5:    door_vault
Coc:6:    grunt_deathspiral_small
Coc:7:    coc_old
Tar:3:    nicolae_tar_cuneiform_not, lemuel_nasty_pond
Tar:7:    tar_grunt_ereshkigal, tar_grunt_big_loot, tar_grunt_small_loot,
          tar_grunt_small_loot, tar_grunt_small_loot,
          tar_grunt_small_decor_pillar, tar_grunt_small_decor_pillar,
          tar_grunt_decor_3, tar_grunt_decor_1, tar_grunt_decor_8,
          tar_grunt_small_decor_pillar, tar_grunt_decor_octagon_7,
          tar_grunt_decor_8, tar_grunt_decor_cross_ortho,
          tar_grunt_decor_octagon_7, tar_grunt_decor_4, tar_grunt_decor_6,
          tar_grunt_small_decor_pillar, tar_grunt_decor_8, tar_grunt_decor_8
IceCv:    ice_cave_caverns_01
Volcano:  kennysheep_volcano_temple

Action                   |  1- 3 |  4- 6 |  7- 9 | 10-12 | 13-15 | 16-18 | 19-21 | 22-24 | 25-27 || total
-------------------------+-------+-------+-------+-------+-------+-------+-------+-------+-------++-------
Melee: Unarmed           |    21 |    70 |   257 |   715 |  1169 |  1156 |   838 |  1076 |  1023 ||  6325
       Scimitar          |       |       |       |     6 |    13 |       |       |       |       ||    19
       Staff             |       |       |       |       |       |       |    21 |       |       ||    21
Throw: Throwing net      |       |       |       |       |     2 |       |       |       |       ||     2
 Cast: Repel Missiles    |       |       |       |     3 |     5 |     3 |     6 |     1 |     1 ||    19
       Conjure Flame     |       |       |       |       |     1 |       |       |       |       ||     1
       Statue Form       |       |       |       |       |     1 |    68 |    45 |    64 |    58 ||   236
       Stoneskin         |       |       |       |       |       |     5 |    17 |    18 |     5 ||    45
       Regeneration      |       |       |       |       |       |     9 |    29 |    87 |    80 ||   205
       Blink             |       |       |       |       |       |     2 |       |       |       ||     2
       Passwall          |       |       |       |       |       |       |     6 |       |       ||     6
Invok: Temporal Distorti |       |       |       |     4 |     5 |       |     1 |     7 |     8 ||    25
       Slouch            |       |       |       |    11 |    12 |    11 |     2 |     7 |     2 ||    45
       Bend Time         |       |       |       |     1 |       |       |       |     1 |       ||     2
       Step From Time    |       |       |       |       |       |       |     1 |       |     2 ||     3
 Abil: Evoke Teleportati |       |       |       |       |       |       |     5 |    82 |   107 ||   194
Evoke: Wand              |       |       |     1 |    10 |    10 |    18 |     2 |     5 |     3 ||    49
       Deck              |       |       |       |       |       |     2 |     4 |       |       ||     6
       Fan of gales      |       |       |       |       |       |     1 |       |       |       ||     1
       Staff of energy   |       |       |       |       |       |       |       |    52 |    32 ||    84
       Phantom mirror    |       |       |       |       |       |       |       |       |     1 ||     1
  Use: Scroll            |       |     4 |     5 |     7 |    16 |    18 |    18 |     8 |     3 ||    79
       Potion            |       |       |     2 |     8 |     9 |     2 |       |       |     9 ||    30
 Stab: Sleeping          |       |     1 |     1 |     2 |     2 |     5 |     2 |     3 |     1 ||    17
       Distracted        |       |       |     1 |     3 |     2 |     2 |       |     1 |     2 ||    11
       Invisible         |       |       |       |     5 |       |       |       |       |       ||     5
       Held in net/web   |       |       |       |       |     2 |       |       |     1 |       ||     3
       Betrayed ally     |       |       |       |       |       |     1 |       |       |       ||     1
  Eat: Chunk             |     2 |     9 |    13 |    42 |    42 |    69 |    56 |    31 |    37 ||   301
       Fruit             |       |       |       |       |       |     4 |       |     9 |    29 ||    42
       Royal jelly       |       |       |       |       |       |     3 |     1 |     1 |       ||     5
       Beef jerky        |       |       |       |       |       |       |       |    22 |       ||    22
       Pizza             |       |       |       |       |       |       |       |     1 |     5 ||     6
